 Dungeon Crawl Stone Soup version 0.28-a0-1395-g4f6bc678fa (webtiles) character file.

Game seed: 266433107301175884

16 eustatius the Stinger (level 2, 0/20 HPs)
             Began as a Draconian Venom Mage on Jan 4, 2022.
             Slain by a hobgoblin (4 damage)
             ... on level 1 of the Dungeon.
             The game lasted 00:01:09 (224 turns).

eustatius the Stinger (Draconian Venom Mage)         Turns: 224, Time: 00:01:10

Health: 0/20       AC:  4    Str: 10    XL:     2   Next: 41%
Magic:  0/5        EV: 12    Int: 15    God:
Gold:   0          SH:  0    Dex: 11    Spells: 4/5 levels left

rFire   . . .      SeeInvis .   (no weapon)
rCold   . . .      Faith    .   (no shield)
rNeg    . . .      Spirit   .   (armour unavailable)
rPois   .          Reflect  .   (helmet restricted)
rElec   .          Harm     .   (no cloak)
rCorr   .          Rampage  .   (no gloves)
Will    .....                   (no boots)
Stlth   ++........              (no amulet)
HPRegen 0.06/turn               (no ring)
MPRegen 0.09/turn               (no ring)

@: no status effects
A: AC +4, unfitting armour, cold-blooded
a: no special abilities


You were on level 1 of the Dungeon.
You visited 1 branch of the dungeon, and saw 1 of its levels.

You aren't carrying anything.


   Skills:
 + Level 1.8 Dodging
 + Level 1.8 Stealth
 + Level 2.4 Spellcasting
 + Level 1.0 Transmutations
 + Level 3.4 Poison Magic


You had 4 spell levels left.
You knew the following spells:

 Your Spells              Type           Power      Damage    Failure   Level
a - Sting                 Tmut/Pois      32%        1d4       9%          1

Your spell library contained the following spells:

 Spells                   Type           Power      Damage    Failure   Level
 Poisonous Vapours        Pois/Air       12%        N/A       16%         2
 Mephitic Cloud           Conj/Pois/Air  5%         N/A       38%         3
 Olgreb's Toxic Radiance  Pois           12%        N/A       45%         4


Dungeon Overview and Level Annotations

Branches:
Dungeon (1/15)

Altars:


Innate Abilities, Weirdness & Mutations

Your plain brown scales are hard. (AC +4)
You cannot fit into any form of body armour.
You are cold-blooded and may be slowed by cold attacks.


Message History

The gnoll looks even sicker.
The gnoll is severely wounded.
You kill the gnoll!
You have reached level 2!
Unknown command.
Unknown command.
Casting: Sting (safe; 9% risk of failure)
Confirm with . or Enter, or press ? or * to list all spells.
You don't have enough magic to cast this spell.
Unknown command.
Casting: Sting (safe; 9% risk of failure)
Confirm with . or Enter, or press ? or * to list all spells.
You don't have enough magic to cast this spell.
Unknown command.
Casting: Sting (safe; 9% risk of failure)
Confirm with . or Enter, or press ? or * to list all spells.
You don't have enough magic to cast this spell.
Unknown command.
The hobgoblin barely misses you.
The hobgoblin hits you but does no damage.
The hobgoblin misses you. The hobgoblin closely misses you.
Casting: Sting (safe; 9% risk of failure)
Confirm with . or Enter, or press ? or * to list all spells.
Aiming: Sting (safe; 9% risk of failure)
Press: ? - help, Shift-Dir - straight line, f - hobgoblin
Aim: a hobgoblin (68% to hit)
The sting misses the hobgoblin.
The hobgoblin barely misses you. The hobgoblin misses you.
Things that are here:
a +0 whip; a gnoll corpse
Casting: Sting (safe; 9% risk of failure)
Confirm with . or Enter, or press ? or * to list all spells.
Aiming: Sting (safe; 9% risk of failure)
Press: ? - help, Shift-Dir - straight line, f/p - hobgoblin
Aim: a hobgoblin (68% to hit)
The sting hits the hobgoblin but does no damage.
The hobgoblin is poisoned.
The hobgoblin hits you.
You die...

).#.###.#.###.##.# #..##
##.## ##.#†# ####
##.#.###....# #+###
######.###.#..##.# .....
...##.## ##..###.#......
...##.### #### #.#......
........########........
......)........g.#......
..#.###.###.....@....#
#.#.+ #.# #.###(##.###
#.#≈# #.# #.###.##...
#.#≈# #.# #............
###≈# ### #.....#####.##
#.+ ##.#...... ... #.#
#.#.##### .. #.#..
#.#...


You could see a hobgoblin (poisoned).

Vanquished Creatures
  A gnoll (D:1)
  A giant cockroach (D:1)
  2 goblins (D:1)
  A quokka (D:1)
  A bat (D:1)
  A rat (D:1)
7 creatures vanquished.

Notes
Turn   | Place    | Note
-------+----------+-------------------------------------------
     0 | D:1      | eustatius the Draconian Venom Mage began the quest for the
                  | Orb.
     0 | D:1      | Reached XP level 1. HP: 14/14 MP: 3/3
   197 | D:1      | Reached XP level 2. HP: 2/20 MP: 0/5
   224 | D:1      | Slain by a hobgoblin

Illustrated notes

Levels and vault maps discovered:
D:1:      minmay_arrival_diagonal_passages, layout_basic, corexii_corridor_pit

Action                   || total
-------------------------++-------
 Cast: Sting             ||    12
Armor: Skin              ||     1
Dodge: Dodged            ||     6

Table legend: (Time is in decaauts)
 A = Elapsed time spent in this place.
 B = Non-inter-level travel time spent in this place.
 C = Inter-level travel time spent in this place.
 D = Time resting spent in this place.
 E = Time spent auto-exploring this place.
 F = Levels seen in this place.
 G = Mean time per level.
                   A        B        C        D        E       F      G
               +--------+--------+--------+--------+--------+-----+--------+
         Total |    224 |    224 |      0 |      0 |    130 |   1 |  224.0 |
       Dungeon |    224 |    224 |      0 |      0 |    130 |   1 |  224.0 |
               +--------+--------+--------+--------+--------+-----+--------+

Top non-repeatable levels by time:
     D:1: 224 daAuts
